 Dungeon Crawl Stone Soup version 0.29-a0-821-g66395355a5 (webtiles) character file.

Game seed: 919385121806515652

1323 scionoferis the Changer (level 8, -1/57 HPs)
             Began as an Octopode Transmuter on July 7, 2022.
             Was an Initiate of Gozag.
             Slain by a killer bee (6 damage)
             ... on level 7 of the Dungeon.
             The game lasted 00:32:50 (7791 turns).

scionoferis the Changer (Octopode Transmuter)       Turns: 7791, Time: 00:32:50

Health: -1/57      AC:  7    Str:  9    XL:     8   Next: 59%
Magic:  12/14      EV: 10    Int: 18    God:    Gozag
Gold:   527        SH:  0    Dex: 12    Spells: 8/15 levels left

rFire   x . .      SeeInvis .     - Unarmed
rCold   + + +      Faith    .   (shield currently unavailable)
rNeg    . . .      Spirit   .   (helmet currently unavailable)
rPois   +          Reflect  .   (no amulet)
rElec   .          Harm     .   s - ring of willpower
rCorr   .          Rampage  .   (no ring)
Will    +....                   (no ring)
Stlth   ++........              (no ring)
HPRegen 0.19/turn               (no ring)
MPRegen 0.14/turn               (no ring)
                                (no ring)
                                (no ring)

@: lethally poisoned (-1 -> -6), ice-form (expiring), wereblooded, gold aura
A: freezing attack, boosted hp, almost no armour, amphibious, 8 rings, large,
(camouflage 1), (gelatinous body 1), (nimble swimmer 1), (tentacles)
a: End Transformation, Renounce Religion, Potion Petition, Call Merchant, Bribe
Branch


You were on level 7 of the Dungeon.
You worshipped Gozag.
Gozag was pleased with you.
You were a creature of crystalline ice.
You visited 2 branches of the dungeon, and saw 8 of its levels.

You collected 592 gold pieces.
You paid 65 gold pieces to Gozag.

Inventory:

Hand Weapons
 a - a +1 dagger of electrocution
 b - a +0 sling
 i - a +1 mace of protection
 j - a +0 rapier
 r - the +9 dagger of Xemuotez (melded) {freeze, Drain +Blink rC+}
   (You found it on level 4 of the Dungeon)

   It freezes those it strikes, dealing additional cold damage.
   It can also slow down cold-blooded creatures.
   rC:        It protects you from cold.
   +Blink:    It lets you blink.
   Drain:     It drains your maximum health when unequipped.
Missiles
 c - 51 stones
 d - 6 javelins
 g - 4 atropa-tipped darts
 y - 4 boomerangs
Armour
 f - an orb of energy
 t - a +2 hat (melded)
Jewellery
 s - a ring of willpower (left front paw)
Scrolls
 e - a scroll of identify
 h - 3 scrolls of teleportation
 k - a scroll of fear
 l - 2 scrolls of summoning
 m - a scroll of enchant armour
 p - 2 scrolls of blinking
 q - a scroll of magic mapping
 u - a scroll of torment
 x - a scroll of poison
Potions
 n - 4 potions of lignification
 o - a potion of cancellation
 v - a potion of curing
 w - a potion of haste


   Skills:
 - Level 1.0 Fighting
 + Level 2.6 Dodging
 + Level 2.3 Stealth
 * Level 4.0 Unarmed Combat
 + Level 4.4 Spellcasting
 * Level 6.6 Transmutations
 * Level 5.2 Ice Magic


You had 8 spell levels left.
You knew the following spells:

 Your Spells              Type           Power      Damage    Failure   Level
a - Beastly Appendage     Tmut           54%        N/A       1%          1
b - Ice Form              Ice/Tmut       25%        N/A       12%         4
c - Wereblood             Tmut           27%        N/A       1%          2

Your spell library contained the following spells:

 Spells                   Type           Power      Damage    Failure   Level
 Spider Form              Tmut/Pois      15%        N/A       11%         3
 Magic Dart               Conj           12%        1d3       14%         1
 Call Imp                 Summ           3%         N/A       22%         2
 Gell's Gravitas          Tloc           3%         N/A       38%         3
 Lesser Beckoning         Tloc           3%         N/A       38%         3
 Mephitic Cloud           Conj/Pois/Air  3%         N/A       38%         3
 Teleport Other           Tloc           3%         N/A       38%         3


Dungeon Overview and Level Annotations

Branches:
Dungeon (7/15)             Temple (1/1) D:4

Altars:
Ashenzari
Cheibriados
Dithmenos
Gozag
Makhleb
Nemelex Xobeh
Okawaru
Ru
Sif Muna
Vehumet
Wu Jian
Xom
Yredelemnul
Zin
The Shining One

Shops:
D:3 *   D:5 ([?*   D:6 :

Annotations:
D:4 3 runed translucent doors, Edmund; Sigmund; zhov's ghost, amateur DsFi
D:5 Eustachio
D:6 1 runed translucent door, BubbleThief's ghost, novice DsNe


Innate Abilities, Weirdness & Mutations

You are a creature of crystalline ice.
You have a powerful freezing melee attack.
Your maximum health is increased.
Your armour is entirely melded.
You are incapable of wielding weapons or throwing items.
You cannot wear most types of armour.
You are amphibious.
You can wear up to eight rings at the same time.
((Your skin changes colour to match your surroundings (Stealth+).))
((Your rubbery body absorbs attacks. (AC +1, EV +1)))
((You are camouflaged when in or above water. (Stealth+)))
((You have tentacles for arms and can constrict up to eight enemies at once.))


Message History

Your transformation is almost over.
The killer bee stings you.
You are poisoned.
The killer bee poisons you! The killer bee barely misses you.
You closely miss the killer bee.
The killer bee is almost dead.
You feel sick.
The killer bee stings you but does no damage.
The killer bee stings you.
You closely miss the killer bee.
The killer bee is almost dead.
You feel sick. The killer bee stings you.
* * * LOW HITPOINT WARNING * * *
The killer bee stings you but does no damage.
You miss the killer bee.
The killer bee is almost dead.
You feel sick. The killer bee completely misses you.
The killer bee barely misses you.
You closely miss the killer bee.
The killer bee is almost dead.
You feel sick. The killer bee misses you. The killer bee stings you.
* * * LOW HITPOINT WARNING * * *
You barely miss the killer bee.
The killer bee is almost dead.
You feel sick.
The killer bee stings you but does no damage.
You closely miss the killer bee.
The killer bee is almost dead.
You feel sick.
You are no longer poisoned.
The killer bee stings you.
* * * LOW HITPOINT WARNING * * *
You are lethally poisoned!
The killer bee poisons you! The killer bee completely misses you.
You closely miss the killer bee.
The killer bee is almost dead.
* * * LOW HITPOINT WARNING * * *
You feel sick. The killer bee stings you.
You die...
Your body crumbles into a pile of gold.

##### ### ##....
#Y# ......###y#
.......>#$#######
.....y..........#
##.#..#y#######.#
#. #.#
#...<.....#
.#.$......#
.......#+##


You could see a killer bee.

Vanquished Creatures
  2 black bears (D:6)
  A centaur (D:6)
  2 phantoms (D:5)
  A necrophage (D:4)
  A scorpion (D:5)
  4 killer bees (D:7)
  A howler monkey (D:5)
  A jelly (D:4)
  3 hounds
  2 orc priests
  2 iguanas
  4 orc wizards
  4 gnolls
  12 adders
  A white imp (D:6)
  An ufetubus (D:3)
  A worm (D:5)
  3 dart slugs
  10 orcs
  5 ball pythons
  6 bats
  6 endoplasms
  4 giant cockroaches
  8 goblins
  5 hobgoblins
  3 kobolds
  2 frilled lizards (D:2)
  3 rats
98 creatures vanquished.

Vanquished Creatures (others)
  39 plants (D:5)
39 creatures vanquished.

Grand Total: 137 creatures vanquished

Notes
Turn   | Place    | Note
-------+----------+-------------------------------------------
     0 | D:1      | scionoferis the Octopode Transmuter began the quest for the
                  | Orb.
     0 | D:1      | Reached XP level 1. HP: 13/13 MP: 3/3
   407 | D:1      | Reached XP level 2. HP: 18/18 MP: 3/5
   881 | D:2      | Reached skill level 3 in Transmutations
   913 | D:2      | Reached XP level 3. HP: 16/23 MP: 4/6
  1676 | D:2      | Reached XP level 4. HP: 28/28 MP: 8/8
  1681 | D:2      | Learned a level 4 spell: Ice Form
  2366 | D:3      | Reached skill level 1 in Ice Magic
  2411 | D:3      | Found a faded altar of an unknown god.
  2519 | D:3      | Reached skill level 4 in Transmutations
  2567 | D:3      | Reached XP level 5. HP: 24/33 MP: 6/9
  2987 | D:3      | Found Zin's Purification Station.
  2992 | D:3      | Found a glowing silver altar of Zin.
  3427 | D:4      | Found a staircase to the Ecumenical Temple.
  3439 | Temple   | Entered the Ecumenical Temple
  3439 | Temple   | Found a transporter.
  3439 | Temple   | Found a transporter.
  3441 | Temple   | Found a transporter.
  3441 | Temple   | Found a transporter.
  3473 | Temple   | Became a worshipper of Gozag Ym Sagoz the Greedy
  3704 | D:4      | Noticed Sigmund
  3705 | D:4      | Reached XP level 6. HP: 32/38 MP: 5/10
  3969 | D:4      | Identified the +9 dagger of Xemuotez {freeze, Drain +Blink
                  | rC+}
  4031 | D:4      | Noticed Edmund
  4237 | D:4      | Found a runed translucent gate.
  4237 | D:4      | Found a runed translucent gate.
  4237 | D:4      | Found a runed translucent gate.
  4237 | D:4      | Noticed zhov's ghost (amateur DsFi)
  4623 | D:5      | Entered Level 5 of the Dungeon
  4670 | D:5      | Reached skill level 5 in Transmutations
  4681 | D:5      | Found a broken altar of Ashenzari.
  4716 | D:5      | Noticed Eustachio
  5090 | D:5      | Found Qihoj's Assorted Antiques.
  5122 | D:5      | Found Zokut's Magic Scroll Shop.
  5151 | D:5      | Found Ages's Armour Emporium.
  5251 | D:5      | Reached XP level 7. HP: 31/43 MP: 12/12
  6019 | D:5      | Found Naim's Antique Weapon Shoppe.
  6122 | D:5      | Found a burning altar of Makhleb.
  6130 | D:5      | Found an ornate altar of the Wu Jian Council.
  6613 | D:6      | Reached skill level 6 in Transmutations
  6662 | D:6      | Found a runed translucent door.
  6662 | D:6      | Noticed BubbleThief's ghost (novice DsNe)
  6703 | D:6      | Reached XP level 8. HP: 48/48 MP: 11/14
  6731 | D:6      | Found Oshuef's Self-Improvement Boutique.
  6894 | D:6      | Reached skill level 1 in Stealth
  7048 | D:6      | Reached skill level 5 in Ice Magic
  7746 | D:6      | Learned a level 2 spell: Wereblood
  7791 | D:7      | Slain by a killer bee

Illustrated notes

Levels and vault maps discovered:
D:1:      dpeg_arrival_rhombi, layout_loops_cross, minmay_tetromino_s2
D:2:      layout_basic, serial_corexii_hall, chequers_hall_statues_y,
          corexii_hall_statues_x
D:3:      layout_basic, zin_purify,
          hellmonk_ecumenical_altar_pennies_from_heaven
D:4:      layout_basic, minmay_temple_entry_glass,
          gammafunk_ghost_nasty_kobolds, uniq_edmund, uniq_sigmund
D:5:      layout_rooms, mainiacjoe_overflow_chevrons,
          mainiacjoe_overflow_catch_the_wave, serial_shops, shop,
          kennysheep_mini, nicolae_inconvenience_store, shop_fountains,
          uniq_eustachio
D:6:      layout_cave_pools, gammafunk_ghost_grave,
          chequers_serial_rivers_small_3, nicolae_shop_self_help
D:7:      lemuel_slime, layout_basic, trog_antimagical, grunt_ogre_cave,
          grunt_livestock, hangedman_misty_isle
Temple:   hellmonk_temple_divided_pantheon

Skill      XL: |  1  2  3  4  5  6  7  8 |
---------------+-------------------------+-----
Transmutations | 3 4 5 6 |  6.6
Ice Magic      | 1 2 3 4 5 |  5.2
Spellcasting   | 3 4 |  4.4
Stealth        | 2 |  2.3
Unarmed Combat | 4 |  4.0
Fighting       | |  1.0
Dodging        | |  2.6

Action                   |  1- 3 |  4- 6 |  7- 9 || total
-------------------------+-------+-------+-------++-------
Melee: Dagger            |     8 |    47 |    32 ||    87
       Constrict         |     9 |    18 |     6 ||    33
       Tentacles         |     6 |    18 |     7 ||    31
       Unarmed           |     2 |    22 |    77 ||   101
       Kick              |     9 |     9 |     1 ||    19
       Punch             |     2 |     3 |     2 ||     7
       Whip              |     1 |       |       ||     1
       Mace              |    34 |    42 |       ||    76
 Cast: Beastly Appendage |    15 |    22 |     2 ||    39
       Ice Form          |       |     4 |     7 ||    11
       Wereblood         |       |       |     1 ||     1
  Use: Scroll            |     3 |     8 |     3 ||    14
       Potion            |     2 |     3 |     1 ||     6
 Stab: Sleeping          |     3 |    10 |     1 ||    14
       Distracted        |     1 |       |     1 ||     2
Armor: Skin              |    11 |    21 |    38 ||    70
Dodge: Dodged            |    33 |    50 |    54 ||   137

Table legend: (Time is in decaauts)
 A = Elapsed time spent in this place.
 B = Non-inter-level travel time spent in this place.
 C = Inter-level travel time spent in this place.
 D = Time resting spent in this place.
 E = Time spent auto-exploring this place.
 F = Levels seen in this place.
 G = Mean time per level.
                   A        B        C        D        E       F      G
               +--------+--------+--------+--------+--------+-----+--------+
         Total |   7825 |   7360 |    465 |   1798 |   3645 |   8 |  978.1 |
       Dungeon |   7776 |   7318 |    458 |   1798 |   3638 |   7 | 1110.9 |
        Temple |     48 |     41 |      7 |      0 |      7 |   1 |   48.0 |
               +--------+--------+--------+--------+--------+-----+--------+

Top non-repeatable levels by time:
     D:4: 1997 daAuts
     D:2: 1551 daAuts
     D:6: 1184 daAuts
     D:3: 1137 daAuts
     D:5: 1004 daAuts
     D:1: 834 daAuts
     D:7: 67 daAuts
  Temple: 48 daAuts
